 Dungeon Crawl Stone Soup version 0.31-a0-1500-ga9fbd17 (webtiles) character file.

Game seed: 3409145495122180928

2 PublicAnimeNo1 the Caller (level 1, -2/13 HPs)
             Began as a Demonspawn Summoner on Dec 29, 2023.
             Slain by a hobgoblin (4 damage)
             ... on level 1 of the Dungeon.
             The game lasted 00:00:21 (37 turns).

PublicAnimeNo1 the Caller (Demonspawn Summoner)       Turns: 37, Time: 00:00:22

Health: -2/13      AC:  2    Str:  8    XL:     1   Next: 25%
Magic:  2/3        EV: 12    Int: 15    God:
Gold:   13         SH:  0    Dex: 13    Spells: 3/4 levels left

rFire   . . .        c - +0 whip
rCold   . . .        (no shield)
rNeg    . . .        a - +0 robe
rPois   .            (no helmet)
rElec   .            (no cloak)
rCorr   .            (no gloves)
SInv    .            (no boots)
Will    .....        (no amulet)
Stlth   ++           (no ring)
HPRegen 0.22/turn    (no ring)
MPRegen 0.08/turn

%: no passive effects
@: no status effects
A: no striking features
a: no special abilities


You were on level 1 of the Dungeon.
You visited 1 branch of the dungeon, and saw 1 of its levels.

You collected 13 gold pieces.

Inventory:

Hand Weapons
 c - a +0 whip (weapon)
Armour
 a - a +0 robe (worn)
Potions
 b - a potion of magic


   Skills:
 + Level 0.1 Fighting
 - Level 1.7 Dodging
 + Level 1.8 Stealth
 + Level 2.0 Spellcasting
 + Level 4.0 Summonings


You had 3 spell levels left.
You knew the following spells:

 Your Spells              Type           Power      Damage    Failure   Level
a - Summon Small Mammal   Summ           52%        N/A       4%          1

Your spell library contained the following spells:

 Spells                   Type           Power      Damage    Failure   Level
 Call Imp                 Summ           26%        N/A       6%          2
 Call Canine Familiar     Summ           13%        N/A       13%         3
 Summon Blazeheart Golem  Fire/Summ      7%         N/A       67%         4
 Summon Lightning Spire   Summ/Air       7%         N/A       67%         4


Dungeon Overview and Level Annotations

Branches:
Dungeon (1/15)

Altars:

Shops:
D:1 ?


Message History

Found a whip.
A bat comes into view.
Found Acew's Magic Scroll Shoppe.
You now have 13 gold pieces.
There are no items here.
You see here a +0 whip.
c - a +0 whip
c - a +0 whip (weapon)
The bat closely misses you.
You hit the bat.
You kill the bat!
You see here a bat corpse.
There is an entrance to Acew's Magic Scroll Shoppe here.
Found a stone staircase leading down.
A goblin comes into view. It is wielding a +0 dagger.
The goblin shouts!
The goblin moves out of view.
A goblin is nearby!
Found a book of Debilitation.
You barely miss the goblin. Your bat hits the goblin.
A hobgoblin comes into view.
The goblin hits you with a +0 dagger.
Your bat hits the goblin.
The hobgoblin shouts!
You hit the goblin.
The goblin is almost dead.
Your bat barely misses the goblin.
The goblin hits you with a +0 dagger.
A dart slug comes into view.
You are too injured to fight recklessly!
You closely miss the goblin.
The goblin is almost dead.
Your bat misses the goblin. The goblin hits you with a +0 dagger.
You closely miss the goblin.
The goblin is almost dead.
Your bat closely misses the goblin.
Your bat hits the goblin.
The goblin dies!
The dart slug launches a dart at you. The slug dart hits you.
* * * LOW HITPOINT WARNING * * *
You barely miss the hobgoblin. The hobgoblin hits you.
You die...

..##..##..#.†.∩......#
#..##..###..8.8.....#
#..##..###..........#
.##..##.............#
#<.##.............#
#..##..##...........#
#.. #..##...........#
..##..##..###..##.####
... #. #......@# .#
##. . .....###g...# #
...##.. ......... >..
.#..####.. ...... .#
#..b. .. ##..w. #:
##..


You could see a dart slug (ally target), a hobgoblin and a friendly bat
(summoned).

Vanquished Creatures
  A bat (D:1)
1 creature vanquished.

Vanquished Creatures (collateral kills)
  A goblin (D:1)
1 creature vanquished.

Grand Total: 2 creatures vanquished

Notes
Turn   | Place    | Note
-------+----------+-------------------------------------------
     0 | D:1      | PublicAnimeNo1 the Demonspawn Summoner began the quest for
                  | the Orb.
     0 | D:1      | Reached XP level 1. HP: 13/13 MP: 3/3
     4 | D:1      | Found Acew's Magic Scroll Shoppe.
    37 | D:1      | Slain by a hobgoblin

Illustrated notes

Levels and vault maps discovered:
D:1:      lightli_iron_boxes, layout_rooms, serial_shops, shop,
          nicolae_shop_tiny_statue_garden, nicolae_lakefront_shop

Action                     || total
---------------------------++-------
  Melee: Whip              ||     6
   Cast: Summon Small Mamm ||     1
 Armour: Robe              ||     5
  Dodge: Dodged            ||     1

Table legend: (Time is in decaauts)
 A = Elapsed time spent in this place.
 B = Non-inter-level travel time spent in this place.
 C = Inter-level travel time spent in this place.
 D = Time resting spent in this place.
 E = Time spent auto-exploring this place.
 F = Levels seen in this place.
 G = Mean time per level.
                   A        B        C        D        E       F      G
               +--------+--------+--------+--------+--------+-----+--------+
         Total |     37 |     37 |      0 |      0 |     10 |   1 |   37.0 |
       Dungeon |     37 |     37 |      0 |      0 |     10 |   1 |   37.0 |
               +--------+--------+--------+--------+--------+-----+--------+

Top non-repeatable levels by time:
     D:1: 37 daAuts
